 Dungeon Crawl Stone Soup version 0.30.1-9-gdf580d7c3d (webtiles) character file.

Game seed: 3859359566131906406

252 cordialsnail the Cutter (level 6, -6/47 HPs)
             Began as a Human Fighter on Sept 30, 2023.
             Was a Follower of Makhleb.
             Mangled by an ogre
             ... wielding a +0 giant club
              (32 damage)
             ... on level 4 of the Dungeon.
             The game lasted 00:28:32 (2762 turns).

cordialsnail the Cutter (Human Fighter)             Turns: 2762, Time: 00:28:33

Health: -6/47      AC: 12    Str: 19    XL:     6   Next: 36%
Magic:  6/6        EV:  7    Int:  8    God:    Makhleb [*.....]
Gold:   197        SH:  9    Dex: 12    Spells: 5/5 levels left

rFire   . . .        e - +1 short sword (elec)
rCold   . . .        c - +0 buckler
rNeg    . . .        f - +1 chain mail
rPois   .            (no helmet)
rElec   .            y - +0 cloak
rCorr   .            (no gloves)
SInv    .            x - +0 pair of boots
Will    .....        j - amulet of reflection Stlth
                     (no ring)
HPRegen 0.27/turn    (no ring)
MPRegen 0.10/turn

%: reflection
@: attractive
A: no striking features
a: Renounce Religion


You were on level 4 of the Dungeon.
You worshipped Makhleb.
Makhleb was aware of your devotion.
You visited 1 branch of the dungeon, and saw 4 of its levels.

You collected 197 gold pieces.

Inventory:

Hand Weapons
 a - a +0 long sword
 e - a +1 short sword of electrocution (weapon)
 v - a +0 sling of flaming
 z - a +2 dagger of speed
 A - a +1 dagger of flaming
Missiles
 i - 24 stones (quivered)
Armour
 b - a +0 scale mail
 c - a +0 buckler (worn)
 f - a +1 chain mail (worn)
 x - a +0 pair of boots (worn)
 y - a +0 cloak (worn)
Jewellery
 j - an amulet of reflection (around neck)
 l - a ring of ice
Scrolls
 k - 2 scrolls of immolation
 n - a scroll of enchant armour
 p - 2 scrolls of noise
 s - a scroll of blinking {unknown}
 t - 2 scrolls of fog {unknown}
 u - 2 scrolls of enchant weapon
Potions
 d - a potion of might
 g - a potion of ambrosia {unknown}
 h - 2 potions of attraction
 m - a potion of brilliance {unknown}
 q - a potion of curing {unknown}
 r - a potion of mutation {unknown}
 w - 3 potions of lignification


   Skills:
 - Level 3.1 Fighting
 + Level 5.5(5.7) Short Blades
 - Level 2.1(4.1) Long Blades
 - Level 3.1 Armour
 - Level 3.1 Shields


You had 5 spell levels left.
You didn't know any spells.
Your spell library contained the following spells:

 Spells                   Type           Power      Damage    Failure   Level
 Necrotise                Necr           0%         1d4       99%         1
 Vampiric Draining        Necr           0%         2d6       100%        3
 Animate Dead             Necr           0%         N/A       100%        4
 Agony                    Necr           0%         N/A       100%        5
 Borgnjor's Vile Clutch   Necr/Erth      0%         N/A       100%        5
 Death Channel            Necr           0%         N/A       100%        6


Dungeon Overview and Level Annotations

Branches:
Dungeon (4/15)
 Temple: D:4-7

Altars:
Makhleb

Shops:
D:1 *


Message History

Done exploring.
Done exploring.
Done exploring.
You don't know any spells.
You can't go down here!
There is a stone staircase leading down here.
You climb downwards.
There is a stone staircase leading up here.
Press: ? - help, v - describe, . - travel A teleport trap.
Found a scroll labelled TINANA BONILI and a coppery potion.
o - 3 scrolls labelled TINANA BONILI (gained 1)
w - 3 coppery potions (gained 1)
As you read the scroll labelled TINANA BONILI, it crumbles to dust.
It is a scroll of identify.
h - 3 potions of attraction
As you read the scroll of identify, it crumbles to dust.
w - 3 potions of lignification
As you read the scroll of identify, it crumbles to dust.
k - 2 scrolls of immolation Unknown command.
Really quaff the potion of attraction?
Uppercase [Y]es or [N]o only, please.
Really quaff the potion of attraction?
You feel attractive to monsters.
An ogre comes into view. It is wielding a +0 giant club.
The ogre shouts!
The ogre is attracted toward you.
You hit the ogre.
The ogre is lightly wounded.
You hit the ogre.
The ogre is moderately wounded.
The ogre hits you with a +0 giant club!!
You barely miss the ogre.
The ogre is moderately wounded.
You barely miss the ogre.
The ogre is moderately wounded.
The ogre hits you with a +0 giant club!!
Ouch! That really hurt!
You die...

..# #.#.# ..# #.#.###
#.# #...# ## #.#
###.###....
#.###.#######........
+....................
#.###.###########....
#.# ... #@# ..
#...O.# + #######


You could see an ogre.

Vanquished Creatures
  A bullfrog (D:3)
  Jessica (D:3)
  An orc wizard (D:3)
  Natasha (twice) (D:2)
  3 gnolls (D:3)
  A worm (D:3)
  4 orcs (D:3)
  3 bats
  2 endoplasms
  5 giant cockroaches
  2 hobgoblins
  4 jackals (D:2)
  6 kobolds
  2 quokkas (D:1)
  3 ball pythons
  3 frilled lizards
  3 goblins (D:3)
  5 rats
51 creatures vanquished.

Notes
Turn   | Place    | Note
-------+----------+-------------------------------------------
     0 | D:1      | cordialsnail the Human Fighter began the quest for the Orb.
     0 | D:1      | Reached XP level 1. HP: 18/18 MP: 1/1
    65 | D:1      | Reached XP level 2. HP: 24/24 MP: 2/2
   282 | D:1      | Reached skill level 1 in Short Blades
   686 | D:1      | Found Ruibb's Assorted Antiques.
  1066 | D:2      | Found a burning altar of Makhleb.
  1067 | D:2      | Noticed Natasha
  1076 | D:2      | Killed Natasha
  1077 | D:2      | Reached skill level 2 in Short Blades
  1077 | D:2      | Reached XP level 3. HP: 29/29 MP: 3/3
  1095 | D:2      | Became a worshipper of Makhleb the Destroyer
  1224 | D:2      | Reached XP level 4. HP: 35/35 MP: 4/4
  1375 | D:2      | Noticed Natasha
  1386 | D:2      | Killed Natasha
  1387 | D:2      | Reached skill level 3 in Short Blades
  1817 | D:3      | Reached XP level 5. HP: 41/41 MP: 5/5
  1819 | D:3      | Reached skill level 4 in Short Blades
  1860 | D:3      | Noticed a bullfrog
  1875 | D:3      | Killed a bullfrog
  1906 | D:3      | Reached * piety under Makhleb
  2093 | D:3      | Found a faded altar of an unknown god.
  2335 | D:3      | Reached skill level 5 in Short Blades
  2335 | D:3      | Reached XP level 6. HP: 24/47 MP: 6/6
  2461 | D:3      | Noticed Jessica
  2468 | D:3      | Killed Jessica
  2758 | D:4      | Noticed an ogre
  2762 | D:4      | Mangled by an ogre

Illustrated notes

Levels and vault maps discovered:
D:1:      minmay_arrival_three_doors, layout_basic, serial_shops,
          nicolae_shop_statue_plus
D:2:      layout_basic, basic_altar, uniq_natasha
D:3:      layout_loops_ring, hellmonk_ecumenical_altar_leap_of_faith,
          uniq_jessica
D:4:      layout_basic, kennysheep_potato, uniq_grinder, uniq_edmund, uniq_ijyb,
          uniq_sigmund

Skill      XL: |  1  2  3  4  5 |
---------------+----------------+-----
Short Blades   | 2 3 5 |  5.5
Fighting       | |  3.1
Long Blades    | |  2.1
Armour         | |  3.1
Shields        | |  3.1

Action                     |  1- 3 |  4- 6 || total
---------------------------+-------+-------++-------
  Melee: Long sword        |    13 |       ||    13
         Short sword       |    44 |   114 ||   158
  Throw: Stone             |    17 |    16 ||    33
    Use: Scroll            |     2 |     4 ||     6
         Potion            |       |     1 ||     1
 Armour: Scale mail        |     5 |       ||     5
         Chain mail        |    19 |    24 ||    43
  Dodge: Dodged            |    19 |    23 ||    42
  Block: Buckler           |    16 |    37 ||    53
         Reflection        |     1 |       ||     1
